 Dungeon Crawl Stone Soup version 0.27-a0-54-g64bdb92e38 (webtiles) character file.

Game seed: 8688658747819549503

395 Borgoz the Skirmisher (level 7, 0/44 HPs)
             Began as a Halfling Fighter on Jan 7, 2021.
             Was a Follower of Hepliaklqana.
             Splashed by Ijyb's acid (9 damage)
             ... on level 4 of the Dungeon.
             The game lasted 00:06:27 (3273 turns).

Borgoz the Skirmisher (Halfling Fighter)            Turns: 3273, Time: 00:06:27

Health: 0/44       AC:  5    Str: 17    XL:     7   Next: 9%
Magic:  7/7        EV:  9    Int:  6    God:    Hepliaklqana [*.....]
Gold:   166        SH: 10    Dex: 16    Spells: 6/6 levels left

rFire    . . .     SeeInvis +   a - +5 rapier (speed)
rCold    . . .     Faith    .   c - +0 kite shield
rNeg     . . .     Spirit   .   n - +0 scale mail
rPois    .         Reflect  .   (no helmet)
rElec    .         Harm     .   (no cloak)
rCorr    .         Rampage  .   f - +1 pair of gloves
Will     .....                  (no boots)
Stlth    ..........             (no amulet)
HPRegen  0.14/turn              g - ring of see invisible
MPRegen  0.10/turn              (no ring)

@: corroded
A: small, reduced essence, mutation resistance 1
a: Renounce Religion, Recall Ancestor, Ancestor Identity


You were on level 4 of the Dungeon.
You worshipped Hepliaklqana.
Hepliaklqana was aware of your devotion.
You visited 1 branch of the dungeon, and saw 4 of its levels.

You collected 166 gold pieces.

Inventory:

Hand Weapons
 a - a +5 rapier of speed (weapon)
Armour
 c - a +0 kite shield (worn)
 f - a +1 pair of gloves (worn)
 n - a +0 scale mail (worn)
Jewellery
 g - a ring of see invisible (left hand)
Wands
 o - a wand of iceblast (3)
Scrolls
 i - 4 scrolls of teleportation
 m - a scroll of amnesia
Potions
 d - 2 potions of might
 e - 5 potions of heal wounds
 h - a potion of attraction {unknown}
 j - a potion of magic {unknown}
 k - a potion of resistance {unknown}
 q - a potion of cancellation {unknown}
 t - 4 potions of curing {unknown}


   Skills:
 * Level 4.6 Fighting
 + Level 2.8(3.6) Short Blades
 - Level 2.6(3.1) Long Blades
 + Level 4.6 Armour
 + Level 4.6 Shields


You had 6 spell levels left.
You didn't know any spells.
Your spell library was empty.

Dungeon Overview and Level Annotations

Branches:
Dungeon (4/15)
 Temple: D:4-7

Altars:
Cheibriados
Gozag
Hepliaklqana
Makhleb
Zin

Annotations:
D:4 Ijyb


Innate Abilities, Weirdness & Mutations

You are small and have problems with some larger weapons.
You are somewhat resistant to further mutation.
Your life essence is reduced to manifest your ancestor. (-10% HP)


Message History

Your +4 rapier of speed glows red for a moment.
Ijyb the Twisted Goblin comes into view.
She is wielding a +0 dagger and carrying a wand of acid (14).
Found 11 arrows.
Found a stone staircase leading down.
Ijyb is nearby!
Found a coppery potion.
You hit Ijyb.
Ijyb is lightly wounded.
Ijyb hits you but does no damage.
You hit Ijyb but do no damage.
Ijyb is lightly wounded.
You completely miss Ijyb.
Ijyb is lightly wounded.
Ijyb zaps a wand.
The bolt of acid hits you.
You are splashed with acid!
Wilfreda hits Ijyb.
You hit Ijyb but do no damage.
Ijyb is moderately wounded.
Ijyb zaps a wand.
The bolt of acid hits you!!
* * * LOW HITPOINT WARNING * * *
The acid corrodes you!
You are splashed with acid!
You die...

.# .# ######## .#
#......# .# # #......#
.# .#
###......########.#.(#.#
.........'...)........>#
###......#######@R......
..........# #..g......!
###.......# #.#.#######
#<###....# #....
##รท###....# # #.#
.........## #..
.........# ...
.).......# ...
.))......##


You could see the friendly Wilfreda the ancestor and Ijyb.

Vanquished Creatures
  An orc wizard (D:4)
  An orc priest (D:4)
  A centaur skeleton (D:3)
  An iguana (D:4)
  2 hound skeletons
  3 worker ant zombies
  An adder (D:3)
  2 oozes
  A worm (D:2)
  2 dart slugs (D:2)
  9 orcs
  4 bats
  4 giant cockroaches
  8 goblins
  6 hobgoblins
  16 jackals
  4 kobolds (D:1)
  A quokka (D:2)
  4 ball pythons
  4 frilled lizards
  A giant cockroach zombie (D:3)
  6 rats
82 creatures vanquished.

Vanquished Creatures (collateral kills)
  A centaur (D:2)
  A howler monkey skeleton (D:3)
  An adder zombie (D:3)
  An orc (D:3)
  3 bats (D:3)
  A jackal (D:3)
  3 frilled lizards (D:3)
  A giant cockroach zombie (D:3)
  A kobold (D:2)
  2 rats (D:3)
15 creatures vanquished.

Vanquished Creatures (others)
  An orc wizard (D:4)
  An ancestor (D:4)
  4 withered plants (D:3)
6 creatures vanquished.

Grand Total: 103 creatures vanquished

Notes
Turn   | Place    | Note
-------+----------+-------------------------------------------
     0 | D:1      | Borgoz the Halfling Fighter began the quest for the Orb.
     0 | D:1      | Reached XP level 1. HP: 15/15 MP: 1/1
    34 | D:1      | Reached XP level 2. HP: 6/20 MP: 2/2
   570 | D:1      | Reached XP level 3. HP: 26/26 MP: 3/3
  1199 | D:2      | Found a burning altar of Makhleb.
  1200 | D:2      | Found a hazy altar of Hepliaklqana.
  1222 | D:2      | Became a worshipper of Hepliaklqana the Forgotten
  1282 | D:2      | Reached XP level 4. HP: 27/27 MP: 4/4
  1348 | D:2      | Found an opulent altar of Gozag.
  1349 | D:2      | Found a glowing silver altar of Zin.
  1463 | D:2      | Noticed a centaur
  1466 | D:2      | Killed a centaur
  1467 | D:2      | Reached skill level 1 in Short Blades
  1467 | D:2      | Reached XP level 5. HP: 18/33 MP: 5/5
  2003 | D:3      | Reached XP level 6. HP: 35/38 MP: 6/6
  2552 | D:3      | Found a snail-covered altar of Cheibriados.
  3050 | D:4      | Reached XP level 7. HP: 19/44 MP: 7/7
  3127 | D:4      | Reached * piety under Hepliaklqana
  3268 | D:4      | Noticed Ijyb
  3273 | D:4      | Splashed by Ijyb's acid

Illustrated notes

Levels and vault maps discovered:
D:1:      tarquinn_simple_flora_water_d, layout_rooms
D:2:      layout_loops_ring, grunt_temple_overflow_gold_and_silver,
          gammafunk_temple_overflow_statue, st_stairs_14,
          minmay_misc_feat_pillars
D:3:      layout_rooms, cheibriados_altar_1, serial_undead, serial_undead_a,
          serial_undead_b, serial_undead_a, serial_undead_a, serial_undead_d,
          serial_undead_d, serial_undead_e, serial_undead_e, serial_undead_a,
          serial_undead_b
D:4:      layout_basic, minmay_temple_entry_fiery, ebering_ghost_sewer_f,
          amcnicky_altar_lugonu_corruption, uniq_ijyb

Skill      XL: |  1  2  3  4  5  6 |
---------------+-------------------+-----
Fighting       | 3 4 |  4.6
Short Blades   | 1 2 |  2.8
Shields        | 4 |  4.6
Armour         | 4 |  4.6
Long Blades    | |  2.6

Action                   |  1- 3 |  4- 6 |  7- 9 || total
-------------------------+-------+-------+-------++-------
Melee: Long sword        |   111 |    92 |       ||   203
       Rapier            |       |    74 |    10 ||    84
  Use: Scroll            |     2 |     8 |     2 ||    12
Armor: Scale mail        |    55 |   106 |     2 ||   163
Dodge: Dodged            |    41 |    82 |       ||   123
Block: Kite shield       |    63 |   121 |     2 ||   186
       Rpst.: Long sword |    15 |    15 |       ||    30

Table legend: (Time is in decaauts)
 A = Elapsed time spent in this place.
 B = Non-inter-level travel time spent in this place.
 C = Inter-level travel time spent in this place.
 D = Time resting spent in this place.
 E = Time spent auto-exploring this place.
 F = Levels seen in this place.
 G = Mean time per level.
                   A        B        C        D        E       F      G
               +--------+--------+--------+--------+--------+-----+--------+
         Total |   3326 |   3256 |     70 |    538 |   2124 |   4 |  831.5 |
       Dungeon |   3326 |   3256 |     70 |    538 |   2124 |   4 |  831.5 |
               +--------+--------+--------+--------+--------+-----+--------+

Top non-repeatable levels by time:
     D:2: 1077 daAuts
     D:3: 947 daAuts
     D:1: 879 daAuts
     D:4: 422 daAuts
